 Dungeon Crawl Stone Soup version 0.30-a0-172-gc5509c9e31 (webtiles) character file.

Game seed: 12091984099192425085

2307 freelancePsychic the Ducker (level 9, -19/55 HPs)
             Began as a Deep Elf Gladiator on Oct 2, 2022.
             Was a Follower of Uskayaw.
             Demolished by a boulder beetle (30 damage)
             ... on level 8 of the Dungeon.
             The game lasted 00:11:26 (7256 turns).

freelancePsychic the Ducker (Deep Elf Gladiator)    Turns: 7256, Time: 00:11:27

Health: -19/55     AC: 10    Str: 11    XL:     9   Next: 18%
Magic:  11/11      EV: 21    Int: 14    God:    Uskayaw [*.....]
Gold:   399        SH:  0    Dex: 20    Spells: 8/8 levels left

rFire   . . .      SeeInvis .    a - +0 rapier (drain)
rCold   + . .      Faith    .    (no shield)
rNeg    . . .      Spirit   .    d - +0 steam dragon scales
rPois   .          Reflect  .    c - +0 helmet
rElec   .          Harm     .    E - +0 cloak
rCorr   .          Rampage  .    j - +1 pair of gloves
Will    .....                    (no boots)
Stlth   +++.......               (no amulet)
HPRegen 0.29/turn                x - ring of protection from cold
MPRegen 0.12/turn                m - +4 ring of evasion

@: studying Armour
A: no striking features
a: Renounce Religion, Stomp


You were on level 8 of the Dungeon.
You worshipped Uskayaw.
Uskayaw was noncommittal.
You visited 2 branches of the dungeon, and saw 9 of its levels.

You collected 399 gold pieces.

Inventory:

Hand Weapons
 a - a +0 rapier of draining (weapon)
Missiles
 e - 2 throwing nets
 i - a javelin
 o - 6 poisoned darts (quivered)
Armour
 b - a +0 leather armour
 c - a +0 helmet (worn)
 d - +0 steam dragon scales (worn)
 j - a +1 pair of gloves (worn)
 E - a +0 cloak (worn)
 F - a +0 ring mail
Jewellery
 g - a ring of poison resistance
 m - a +4 ring of evasion (right hand)
 x - a ring of protection from cold (left hand)
Wands
 G - a wand of polymorph (8)
 I - a wand of charming (10)
Scrolls
 h - a scroll of amnesia
 p - 3 scrolls of poison
 u - a scroll of vulnerability {unknown}
 v - a scroll of magic mapping {unknown}
 y - a scroll of butterflies {unknown}
 z - a scroll of torment
 A - a scroll of immolation {unknown}
 C - a scroll of fear {unknown}
 D - a scroll of enchant weapon {unknown}
 H - a scroll of enchant armour {unknown}
Potions
 f - a potion of haste {@q3}
 k - 2 potions of degeneration
 l - 4 potions of curing {unknown}
 n - a potion of might {unknown}
 q - 2 potions of brilliance
 r - a potion of attraction {unknown}
 s - 2 potions of lignification {unknown}
 t - a potion of resistance {unknown}
 w - a potion of mutation {unknown}


   Skills:
 + Level 6.0 Fighting
 + Level 7.6 Short Blades
 - Level 2.0 Throwing
 + Level 3.3 Armour
 - Level 7.7 Dodging
 - Level 4.2 Stealth


You had 8 spell levels left.
You didn't know any spells.
Your spell library contained the following spells:

 Spells                   Type           Power      Damage    Failure   Level
 Beastly Appendage        Tmut           0%         N/A       28%         1
 Magic Dart               Conj           0%         1d3       28%         1
 Sandblast                Erth           0%         2d4       28%         1
 Call Imp                 Summ           0%         N/A       41%         2
 Passwall                 Tmut/Erth      0%         N/A       41%         2
 Wereblood                Tmut           0%         N/A       41%         2
 Gell's Gravitas          Tloc           0%         N/A       65%         3
 Mephitic Cloud           Conj/Pois/Air  0%         N/A       65%         3
 Spider Form              Tmut/Pois      0%         N/A       65%         3
 Stone Arrow              Conj/Erth      0%         3d7       65%         3
 Teleport Other           Tloc           0%         N/A       65%         3
 Dispersal                Tloc           0%         N/A       100%        6


Dungeon Overview and Level Annotations

Branches:
Dungeon (8/15)             Temple (1/1) D:6
   Lair: D:8-11

Altars:
Cheibriados
Dithmenos
Elyvilon
Fedhas
Gozag
Kikubaaqudgha
Makhleb
Nemelex Xobeh
Okawaru
Ru
Trog
Uskayaw
Vehumet
Wu Jian
Zin
The Shining One

Shops:
D:1 *   D:3 [(   D:6 =?:!=   D:7 =

Annotations:
D:2 Sigmund
D:4 exclusion: 2 wights
D:5 2 transporters


Message History

The boulder beetle is lightly wounded.
Throw: 10 darts (poison)
Press: ? - help, Q - select action, (/) - cycle Shift-Dir - straight line, f/p - boulder beetle
Aim: a boulder beetle (moderately wounded, poisoned, lightly drained, 91% to hit)
You throw a poisoned dart.
The poisoned dart barely misses the boulder beetle.
Throw: 9 darts (poison)
Press: ? - help, Q - select action, (/) - cycle Shift-Dir - straight line, f/p - boulder beetle
Aim: a boulder beetle (moderately wounded, poisoned, lightly drained, 91% to hit)
You throw a poisoned dart.
The poisoned dart completely misses the boulder beetle.
The boulder beetle bites you!
You hit the boulder beetle.
The boulder beetle is moderately wounded.
The boulder beetle barely misses you.
You completely miss the boulder beetle.
The boulder beetle is moderately wounded.
The boulder beetle leaps!
Throw: 8 darts (poison)
Press: ? - help, Q - select action, (/) - cycle Shift-Dir - straight line, f/p - boulder beetle
Aim: a boulder beetle (moderately wounded, poisoned, lightly drained, 91% to hit)
You throw a poisoned dart.
The poisoned dart hits the boulder beetle.
The boulder beetle looks even sicker.
The boulder beetle is moderately wounded.
The boulder beetle curls into a ball and begins rolling!
Throw: 7 darts (poison)
Press: ? - help, Q - select action, (/) - cycle Shift-Dir - straight line, f/p - boulder beetle
Aim: a boulder beetle (moderately wounded, rolling, very poisoned, lightly drained, 91% to hit)
You throw a poisoned dart.
The poisoned dart hits the boulder beetle.
The boulder beetle looks even sicker.
The boulder beetle is moderately wounded.
As you read the scroll labelled AGOHIOQ SAS, it crumbles to dust.
Your body is wracked with pain!
* * * LOW HITPOINT WARNING * * *
The boulder beetle convulses!
It was a scroll of torment.
The boulder beetle hits you!!
Ouch! That really hurt!
You die...

... #.. ####
#.. ..#
##..## #.# .
..# #@# #.#.#
#B# #.#.###○#
#.....°(#
###.##### #.#
### #.#
##.###.#
..####...##.#


You could see a boulder beetle (rolling, very poisoned, drained).

Vanquished Creatures
  Maggie (D:8)
  A wyvern (D:8)
  4 black bears
  2 orc warriors
  A centaur (D:6)
  A phantom (D:3)
  A kobold brigand (D:6)
  A bullfrog (D:7)
  2 scorpions
  A necrophage (D:4)
  5 killer bees
  3 hounds
  2 jellies
  3 orc priests
  2 iguanas
  3 orc wizards
  5 gnolls
  11 adders
  3 white imps
  An ufetubus (D:4)
  2 dart slugs (D:4)
  18 orcs
  5 ball pythons
  10 endoplasms
  3 giant cockroaches
  10 goblins
  4 hobgoblins
  6 jackals
  8 kobolds
  2 quokkas
  6 bats
  A frilled lizard (D:3)
  2 rats
130 creatures vanquished.

Vanquished Creatures (others)
  An orc wizard (D:8)
  16 plants (D:7)
17 creatures vanquished.

Grand Total: 147 creatures vanquished

Notes
Turn   | Place    | Note
-------+----------+-------------------------------------------
     0 | D:1      | freelancePsychic the Deep Elf Gladiator began the quest for
                  | the Orb.
     0 | D:1      | Reached XP level 1. HP: 12/12 MP: 3/3
   113 | D:1      | Found Butzeg Ecide's General Store.
   133 | D:1      | Reached skill level 1 in Stealth
   311 | D:1      | Reached XP level 2. HP: 17/17 MP: 4/4
   397 | D:1      | Found a faded altar of an unknown god.
  1129 | D:2      | Noticed Sigmund
  1130 | D:2      | Reached XP level 3. HP: 21/21 MP: 5/5
  1515 | D:3      | Found Sytar's Weapon Shoppe.
  1549 | D:3      | Noticed a black bear
  1562 | D:3      | Killed a black bear
  1563 | D:3      | Reached XP level 4. HP: 8/27 MP: 6/6
  1668 | D:3      | Reached XP level 5. HP: 31/31 MP: 7/7
  1967 | D:3      | Found Oshraleg's Antique Armour Shop.
  2267 | D:4      | Noticed a phantom
  2405 | D:3      | Killed a phantom
  2406 | D:3      | Reached XP level 6. HP: 24/37 MP: 8/8
  2577 | D:4      | Found a sacrificial altar of Ru.
  2611 | D:4      | Found a radiant altar of Vehumet.
  2930 | D:4      | Reached skill level 5 in Dodging
  2941 | D:4      | Reached skill level 5 in Short Blades
  2941 | D:4      | Reached XP level 7. HP: 21/41 MP: 9/9
  3218 | D:5      | Entered Level 5 of the Dungeon
  3546 | D:5      | Identified a scroll of acquirement
  3547 | D:5      | Acquired a manual of Armour
  3605 | D:5      | Found a transporter.
  3621 | D:5      | Found a transporter.
  4015 | D:6      | Found Erakkeg's Book Shoppe.
  4017 | D:6      | Found Icvoorch's Distillery.
  4074 | D:6      | Found Jooraana's Magic Scroll Shop.
  4377 | D:6      | Found a staircase to the Ecumenical Temple.
  4389 | D:6      | Reached XP level 8. HP: 38/48 MP: 10/10
  4392 | Temple   | Entered the Ecumenical Temple
  4780 | Temple   | Became a worshipper of Uskayaw the Reveller
  4864 | D:6      | Reached * piety under Uskayaw
  4869 | D:6      | Reached ** piety under Uskayaw
  4875 | D:6      | Reached *** piety under Uskayaw
  4983 | D:6      | Reached **** piety under Uskayaw
  5097 | D:6      | Found Irchoax's Jewellery Shoppe.
  5146 | D:6      | Found a glowing golden altar of the Shining One.
  5146 | D:6      | Found a shadowy altar of Dithmenos.
  5318 | D:6      | Found Seriumom's Jewellery Emporium.
  5470 | D:7      | Reached skill level 5 in Fighting
  5783 | D:7      | Found Qutistrus's Jewellery Boutique.
  6407 | D:7      | Reached skill level 1 in Armour
  6817 | D:8      | Reached XP level 9. HP: 55/55 MP: 11/11
  6848 | D:8      | Noticed a cyclops
  7098 | D:8      | Noticed Maggie
  7110 | D:8      | Killed Maggie
  7240 | D:8      | Noticed a boulder beetle
  7256 | D:8      | Demolished by a boulder beetle

Illustrated notes

Levels and vault maps discovered:
D:1:      wander_arrival_estate, layout_loops_corners, serial_shops,
          shop_fountains, ebering_ecumenical_altar_petrified
D:2:      layout_basic, serial_corexii_hall, corexii_hall_statues_t,
          corexii_hall_statues_s, uniq_sigmund
D:3:      layout_loops_corners, serial_shops, nicolae_shop_waterfront,
          nicolae_shop_bloodbath_and_beyond
D:4:      kennysheep_six_static_rooms, layout_basic,
          mainiacjoe_overflow_chevrons, kennysheep_mini_moat
D:5:      gammafunk_steamed_eel, layout_gridville
D:6:      layout_rooms, gammafunk_temple_overflow_statue,
          minmay_temple_entry_tees, serial_shops, nicolae_square_shop,
          nicolae_stop_n_shop_1, nicolae_shop_trees, nicolae_shop_behind_doors,
          nicolae_square_shop
D:7:      layout_loops_cross, serial_shops, nicolae_shop_advertising_works
          [nicolae_subvault_shop_adworks], serial_glass, glass_columns_c,
          glass_columns_a, serial_bayou_lake_a
D:8:      layout_loops_corners, minmay_unpleasant_kobolds, uniq_maggie
Temple:   minmay_temple_forest_path

Skill      XL: |  1  2  3  4  5  6  7  8  9 |
---------------+----------------------------+-----
Stealth        | 1 2 4 |  4.2
Fighting       | 2 3 4 5 6 |  6.0
Short Blades   | 4 5 7 |  7.6
Dodging        | 4 5 6 7 |  7.7
Armour         | 2 3 |  3.3
Throwing       | |  2.0

Action                   |  1- 3 |  4- 6 |  7- 9 || total
-------------------------+-------+-------+-------++-------
Melee: Rapier            |   102 |   101 |   287 ||   490
       Punch             |       |     1 |     6 ||     7
Throw: Throwing net      |     1 |       |     6 ||     7
       Dart              |       |       |     5 ||     5
       Javelin           |       |       |     1 ||     1
  Use: Scroll            |     3 |     1 |     8 ||    12
       Potion            |       |     2 |     2 ||     4
 Stab: Sleeping          |     5 |     6 |     3 ||    14
       Held in net/web   |     1 |       |     2 ||     3
       Distracted        |     1 |       |       ||     1
       Paralysed         |       |       |     7 ||     7
Armor: Leather armour    |    33 |    17 |    38 ||    88
       Ring mail         |       |       |     1 ||     1
Dodge: Dodged            |    86 |    76 |   344 ||   506

Table legend: (Time is in decaauts)
 A = Elapsed time spent in this place.
 B = Non-inter-level travel time spent in this place.
 C = Inter-level travel time spent in this place.
 D = Time resting spent in this place.
 E = Time spent auto-exploring this place.
 F = Levels seen in this place.
 G = Mean time per level.
                   A        B        C        D        E       F      G
               +--------+--------+--------+--------+--------+-----+--------+
         Total |   7222 |   6740 |    482 |    660 |   4894 |   9 |  802.4 |
       Dungeon |   6796 |   6363 |    433 |    660 |   4546 |   8 |  849.5 |
        Temple |    425 |    376 |     49 |      0 |    348 |   1 |  425.0 |
               +--------+--------+--------+--------+--------+-----+--------+

Top non-repeatable levels by time:
     D:3: 1154 daAuts
     D:4: 1041 daAuts
     D:8: 1007 daAuts
     D:6: 960 daAuts
     D:1: 946 daAuts
     D:7: 801 daAuts
     D:5: 666 daAuts
  Temple: 425 daAuts
     D:2: 217 daAuts
